 Dungeon Crawl Stone Soup version 0.24.0-2-g5b39cebb1c (webtiles) character file.

Game seed: 9916501783668062910, levelgen mode: deterministic

37720 Mrkan the Bludgeoner (level 13, -6/119 HPs)
             Began as a Minotaur Monk on Oct 30, 2019.
             Was the Champion of Wu Jian.
             Mangled by a catoblepas (11 damage)
             ... while petrified by you
             ... on level 5 of the Lair of Beasts.
             The game lasted 00:39:35 (16286 turns).

Mrkan the Bludgeoner (Minotaur Monk)               Turns: 16286, Time: 00:39:36

Health: -6/119     AC: 19    Str: 20    XL:     13   Next: 59%
Magic:  12/12      EV:  2    Int:  7    God:    Wu Jian [******]
Gold:   893        SH:  0    Dex: 14    Spells: 12/12 levels left

rFire    . . .     SeeInvis .   f - +2 whip (vamp)
rCold    + . .     Gourm    .   u - +0 buckler {reflect}
rNeg     + + +     Faith    .   r - +0 plate armour
rPois    ∞         Spirit   .   (helmet restricted)
rElec    .         Reflect  +   b - +1 cloak
rCorr    +         Harm     .   G - +0 pair of gloves
MR       .....                  (no boots)
Stlth    ..........             H - +4 amulet of reflection
HPRegen  0.29/turn              M - ring of protection from cold
MPRegen  0.13/turn              x - ring of resist corrosion

@: petrified
A: retaliatory headbutt, horns 2
a: Wall Jump, Serpent's Lash, Heavenly Storm, Renounce Religion


You were on level 5 of the Lair of Beasts.
You worshipped Wu Jian.
Wu Jian was exalted by your worship.
You were not hungry.

You visited 2 branches of the dungeon, and saw 16 of its levels.

You collected 937 gold pieces.
You spent 44 gold pieces at shops.

Inventory:

Hand Weapons
 f - a +2 vampiric whip (weapon)
 h - a +0 whip of electrocution
 E - a +1 morningstar
Armour
 b - a +1 cloak (worn)
 r - a +0 plate armour (worn)
 u - a +0 buckler of reflection (worn)
 G - a +0 pair of gloves (worn)
Jewellery
 w - a +3 ring of dexterity
 x - a ring of resist corrosion (right hand)
 H - a +4 amulet of reflection (around neck)
 M - a ring of protection from cold (left hand)
 N - an uncursed amulet of regeneration {unknown}
Wands
 a - a wand of disintegration (30)
 y - a wand of clouds (4)
 A - a wand of random effects (10)
 B - a wand of paralysis (6)
 I - a wand of flame (69)
 J - a wand of iceblast (9)
 O - a wand of polymorph (7)
 R - a wand of digging (5)
Scrolls
 d - 8 scrolls of teleportation
 i - 2 scrolls of enchant weapon
 k - 5 scrolls of fear
 n - 3 scrolls of magic mapping
 p - 12 scrolls of identify
 t - 3 scrolls of fog
 D - 6 scrolls of immolation
 F - 10 scrolls of remove curse
Potions
 e - a potion of agility
 g - a potion of haste
 j - a potion of berserk rage
 l - 4 potions of curing
 o - 2 potions of resistance
 q - 2 potions of mutation
 s - 3 potions of brilliance
 v - 2 potions of lignification
 z - 2 potions of ambrosia
 C - 4 potions of flight
 K - 2 potions of magic
 L - 2 potions of cancellation
 Q - a potion of might {unknown}
Comestibles
 c - 34 rations
 m - 8 chunks of flesh


   Skills:
 + Level 12.6 Fighting
   Level 3.9(11.6) Axes
 * Level 16.3(16.5) Maces & Flails
 + Level 12.1 Armour
 + Level 11.6 Dodging
 - Level 1.5 Stealth
 + Level 6.6 Shields


You had 12 spell levels left.
You didn't know any spells.
Your spell library contained the following spells:

 Spells                   Type           Power        Failure   Level  Hunger
 Confusing Touch          Hex            #.....       100%        1    ##.....
 Corona                   Hex            #......      100%        1    ##.....
 Magic Dart               Conj           #...         100%        1    ##.....
 Searing Ray              Conj           #.....       100%        2    ###....
 Slow                     Hex            #.......     100%        2    ###....
 Confuse                  Hex            #.......     100%        3    ####...
 Dazzling Spray           Conj/Hex       #.....       100%        3    ####...
 Gell's Gravitas          Tloc           #.........   100%        3    ####...
 Inner Flame              Hex/Fire       #.......     100%        3    ####...
 Portal Projectile        Hex/Tloc       #.....       100%        3    ####...
 Cause Fear               Hex            #.........   100%        4    #####..
 Force Lance              Conj/Tloc      #.......     100%        4    #####..
 Fulminant Prism          Conj/Hex       #.........   100%        4    #####..
 Iskenderun's Mystic Bla  Conj           #.......     100%        4    #####..
 Leda's Liquefaction      Hex/Erth       #.........   100%        4    #####..
 Petrify                  Tmut/Erth      #.......     100%        4    #####..
 Metabolic Englaciation   Hex/Ice        #.........   100%        5    ######.
 Yara's Violent Unravell  Hex/Tmut       #.........   100%        5    ######.


Dungeon Overview and Level Annotations

Branches:
Dungeon (11/15)            Temple (0/1) D:5            Lair (5/6) D:11
 Shoals (0/4) Lair:4        Snake (0/4) Lair:4          Orc (0/2) D:9
  Slime: Lair:5-6

Altars:
Ashenzari
Cheibriados
Dithmenos
Elyvilon
Gozag
Hepliaklqana
Makhleb
Okawaru
Ru
Sif Muna
Trog
Uskayaw
Wu Jian
Xom
The Shining One

Shops:
D:4 [!   D:5 [:(%   D:9 (   D:11 }

Portals:
Trove: D:11 (give +2 gold dragon scales)

Annotations:
Lair:1 3 runed translucent doors, Beischinu's ghost, journeyman MiFi; jatast's ghost, journeyman GrFi


Innate Abilities, Weirdness & Mutations

You reflexively headbutt those who attack you in melee.
You have a pair of horns on your head.


Message History

The catoblepas is heavily wounded.
The catoblepas gores you!!
* * * LOW HITPOINT WARNING * * *
You hit the catoblepas.
You feel better.
You headbutt the catoblepas, but do no damage.
The catoblepas is heavily wounded.
The catoblepas breathes a plume of calcifying dust at you.
The blast of calcifying dust hits you!
* * * LOW HITPOINT WARNING * * *
You have turned to stone.
You are engulfed in calcifying dust.
The catoblepas gores you!!
* * * LOW HITPOINT WARNING * * *
You are engulfed in calcifying dust.
The catoblepas breathes a plume of calcifying dust at you.
The blast of calcifying dust hits you.
* * * LOW HITPOINT WARNING * * *
You are engulfed in calcifying dust.
The catoblepas gores you but does no damage.
You are engulfed in calcifying dust.
The catoblepas gores you!!
You die...

....#...#....)....##
#...>.####.........#
#.....####......PP##
#..)....####.#.PP.#
.........#####..P##
P..........###..P#.##
#.F..............
##Y#.............
#.@.............
##.#.#...._.....
#.######......## ..#
........# ...
......... .. .#.....
##. .


You could see a catoblepas and a spiny frog.

Vanquished Creatures
  Kirke (Lair:5)
  Harold (D:8)
  5 hydras (Lair:4)
  3 two-headed ogres
  Pikel (D:8)
  An ugly thing (D:11)
  Maurice (D:9)
  2 elephants
  A guardian serpent (Lair:4)
  A merfolk siren (Lair:4)
  4 black mambas
  Joseph (Lair:1)
  3 spiny frogs
  3 rime drakes
  A kobold demonologist (D:11)
  2 komodo dragons
  A merfolk (Lair:4)
  4 trolls (D:10)
  2 polar bears
  A meliai (Lair:5)
  A hornet (D:8)
  8 blink frogs
  6 hippogriffs
  A spriggan (D:7)
  34 yaks
  2 basilisks (Lair:5)
  A wraith (D:10)
  7 wyverns
  3 hogs (Lair:5)
  A hungry ghost (D:9)
  6 porcupines
  12 water moccasins
  2 ice beasts
  2 sky beasts
  A slave (D:8)
  A necrophage (D:8)
  4 orc warriors
  A black bear (D:8)
  10 ogres
  A phantom (D:8)
  2 eyes of draining
  6 centaurs
  6 wolves
  12 crocodiles
  Blork the orc (D:5)
  3 big kobolds (D:10)
  A gnoll sergeant (D:9)
  16 bullfrogs
  44 killer bees
  3 wights (D:6)
  A vampire bat (D:4)
  4 howler monkeys
  4 electric eels
  3 crimson imps
  4 centaur zombies
  4 jellies
  5 hounds
  9 orc priests
  12 orc wizards
  Crazy Yiuf (D:5)
  6 worker ants
  Ijyb (D:5)
  4 iguanas
  2 hound skeletons
  A worker ant zombie (D:5)
  9 gnolls
  11 adders
  A river rat (Lair:5)
  A shadow imp (D:8)
  An ooze (D:1)
  2 adder skeletons
  An adder zombie (D:7)
  3 dart slugs
  3 fire bats (D:4)
  3 leopard geckos
  52 orcs
  2 spectral bats (D:4)
  2 ball pythons (D:1)
  3 bat skeletons (D:4)
  A bat zombie (D:4)
  4 giant cockroaches
  5 goblins
  11 hobgoblins
  10 jackals
  21 kobolds
  A quokka (D:11)
  20 bats
  A bat simulacrum (D:4)
  2 frilled lizards
  8 rats
  A fungus (D:5)
477 creatures vanquished.

Vanquished Creatures (others)
  An unseen horror (D:10)
  A centaur (D:10)
  A killer bee (D:8)
  2 jackals (D:8)
  A kobold (D:10)
  A quokka zombie (D:10)
  10 fungi
  6 plants (Lair:5)
  3 withered plants (Lair:1)
26 creatures vanquished.

Grand Total: 503 creatures vanquished

Notes
Turn   | Place    | Note
-------+----------+-------------------------------------------
     0 | D:1      | Mrkan the Minotaur Monk began the quest for the Orb.
     0 | D:1      | Reached XP level 1. HP: 19/19 MP: 0/0
   151 | D:1      | Reached XP level 2. HP: 27/27 MP: 1/1
   396 | D:1      | Reached skill level 1 in Armour
   469 | D:1      | Reached skill level 1 in Maces & Flails
   516 | D:1      | Reached XP level 3. HP: 29/33 MP: 2/2
  1078 | D:2      | You fall into a shaft and drop 1 floor!
  1102 | D:3      | Reached skill level 2 in Maces & Flails
  1105 | D:3      | Reached XP level 4. HP: 25/40 MP: 3/3
  1532 | D:3      | Noticed an ogre
  1586 | D:4      | Reached skill level 3 in Maces & Flails
  1598 | D:4      | Noticed an ogre
  1613 | D:4      | Killed an ogre
  1613 | D:4      | Reached XP level 5. HP: 47/47 MP: 4/4
  1799 | D:4      | Found an ornate altar of the Wu Jian Council.
  1821 | D:4      | Became a worshipper of the Wu Jian Council
  1821 | D:4      | Reached * piety under Wu Jian
  1821 | D:4      | Reached ** piety under Wu Jian
  1977 | D:4      | Reached skill level 4 in Maces & Flails
  1986 | D:4      | Reached XP level 6. HP: 55/55 MP: 5/5
  2172 | D:4      | Reached skill level 5 in Fighting
  2172 | D:4      | Reached skill level 1 in Shields
  2436 | D:4      | Found Plog's Armour Shoppe.
  2471 | D:4      | Found Rucic's Distillery.
  2912 | D:3      | Reached skill level 5 in Maces & Flails
  2912 | D:3      | Reached XP level 7. HP: 61/61 MP: 6/6
  3018 | D:5      | Entered Level 5 of the Dungeon
  3051 | D:5      | Reached *** piety under Wu Jian
  3101 | D:5      | Found a staircase to the Ecumenical Temple.
  3166 | D:5      | Reached skill level 5 in Dodging
  3274 | D:5      | Noticed Ijyb
  3283 | D:5      | Killed Ijyb
  3335 | D:5      | Reached skill level 6 in Maces & Flails
  3350 | D:5      | Noticed Blork the orc
  3351 | D:5      | Found Sydaphag's Armour Shoppe.
  3358 | D:5      | Killed Blork the orc
  3499 | D:5      | Reached XP level 8. HP: 70/70 MP: 7/7
  3561 | D:5      | Found Soos's Food Shoppe.
  3570 | D:5      | Found Acrughur's Weapon Shoppe.
  3612 | D:5      | Bought a +0 morningstar for 44 gold pieces
  3729 | D:5      | Found Jemypt's Book Boutique.
  3826 | D:5      | Found a glowing golden altar of the Shining One.
  3867 | D:5      | Found a runed translucent door.
  3868 | D:5      | Noticed Crazy Yiuf
  3988 | D:5      | Killed Crazy Yiuf
  4062 | D:6      | Found a white marble altar of Elyvilon.
  4243 | D:6      | Reached skill level 7 in Maces & Flails
  4250 | D:6      | Reached skill level 5 in Armour
  4661 | D:6      | Found a shattered altar of Ashenzari.
  4664 | D:6      | Found a hazy altar of Hepliaklqana.
  4667 | D:6      | Found a hide-covered altar of Uskayaw.
  4741 | D:6      | Found an iron altar of Okawaru.
  4742 | D:6      | Found a bloodstained altar of Trog.
  4959 | D:7      | Found a sacrificial altar of Ru.
  5108 | D:7      | Reached skill level 8 in Maces & Flails
  5117 | D:7      | Reached **** piety under Wu Jian
  5290 | D:7      | Reached XP level 9. HP: 71/78 MP: 8/8
  5403 | D:7      | Found a white marble altar of Elyvilon.
  5405 | D:7      | Found a shattered altar of Ashenzari.
  5405 | D:7      | Found a bloodstained altar of Trog.
  5407 | D:7      | Found an ornate altar of the Wu Jian Council.
  5407 | D:7      | Found a shimmering altar of Xom.
  5407 | D:7      | Found a hide-covered altar of Uskayaw.
  5469 | D:7      | Found a shimmering altar of Xom.
  5470 | D:7      | Found a burning altar of Makhleb.
  5564 | D:8      | Noticed Harold
  5604 | D:8      | Killed Harold
  5604 | D:8      | Reached skill level 9 in Maces & Flails
  5843 | D:8      | Noticed a two-headed ogre
  5854 | D:8      | Killed a two-headed ogre
  5854 | D:8      | Reached skill level 10 in Maces & Flails
  5942 | D:8      | Paralysed by a hornet for 2 turns
  5945 | D:8      | Reached XP level 10. HP: 47/88 MP: 9/9
  6356 | D:8      | Noticed Pikel
  6377 | D:8      | Killed Pikel
  6865 | D:9      | Reached skill level 11 in Maces & Flails
  7255 | D:9      | Reached ***** piety under Wu Jian
  7373 | D:9      | Noticed Maurice
  7430 | D:9      | Killed Maurice
  7618 | D:9      | Found a staircase to the Orcish Mines.
  7629 | D:9      | Reached skill level 12 in Maces & Flails
  7742 | D:9      | Found a shadowy altar of Dithmenos.
  7864 | D:9      | Found Zupuhamm's Weapon Emporium.
  7916 | D:9      | Reached XP level 11. HP: 97/97 MP: 10/10
  8003 | D:9      | Found a shimmering blue altar of Sif Muna.
  8150 | D:9      | Found a snail-covered altar of Cheibriados.
  8398 | D:10     | Entered Level 10 of the Dungeon
  9001 | D:10     | Killed an unseen horror
  9001 | D:10     | Reached skill level 10 in Fighting
  9556 | D:10     | Reached skill level 13 in Maces & Flails
  9840 | D:11     | Noticed a two-headed ogre
  9878 | D:11     | Killed a two-headed ogre
 10060 | D:11     | Found a portal to a secret trove of treasure.
 10305 | D:11     | Noticed a two-headed ogre
 10315 | D:11     | Killed a two-headed ogre
 10315 | D:11     | Reached skill level 10 in Armour
 10326 | D:11     | Found a staircase to the Lair.
 10402 | D:11     | Found Rogul's Gadget Emporium.
 10402 | D:11     | Noticed a cyan ugly thing
 10430 | D:11     | Killed a cyan ugly thing
 10905 | Lair:1   | Entered Level 1 of the Lair of Beasts
 11136 | Lair:1   | Reached skill level 10 in Dodging
 11160 | Lair:1   | Noticed Joseph
 11176 | Lair:1   | Killed Joseph
 11301 | Lair:1   | Found a runed translucent gate.
 11301 | Lair:1   | Found a runed translucent gate.
 11301 | Lair:1   | Found a runed translucent gate.
 11302 | Lair:1   | Noticed jatast's ghost (journeyman GrFi)
 11302 | Lair:1   | Noticed Beischinu's ghost (journeyman MiFi)
 11657 | Lair:1   | Reached XP level 12. HP: 103/108 MP: 11/11
 11722 | Lair:2   | Reached skill level 14 in Maces & Flails
 12557 | Lair:3   | Reached ****** piety under Wu Jian
 13247 | Lair:4   | Noticed a four-headed hydra
 13254 | Lair:4   | Killed a four-headed hydra
 13254 | Lair:4   | Reached skill level 15 in Maces & Flails
 13375 | Lair:4   | Noticed an eight-headed hydra
 13387 | Lair:4   | Killed an eight-headed hydra
 13397 | Lair:4   | Found a staircase to the Snake Pit.
 13641 | Lair:4   | Noticed a seven-headed hydra
 13653 | Lair:4   | Killed a seven-headed hydra
 13665 | Lair:4   | Noticed a four-headed hydra
 13676 | Lair:4   | Killed a four-headed hydra
 13737 | Lair:4   | Reached skill level 5 in Shields
 13781 | Lair:4   | Found a staircase to the Shoals.
 13893 | Lair:4   | Reached XP level 13. HP: 103/118 MP: 12/12
 15420 | Lair:4   | Reached skill level 16 in Maces & Flails
 16089 | Lair:5   | Noticed Kirke
 16120 | Lair:5   | Killed Kirke
 16240 | Lair:5   | Found an opulent altar of Gozag.
 16284 | Lair:5   | HP: 5/119 [catoblepas/blast of calcifying dust (2)]
 16286 | Lair:5   | Mangled by a catoblepas

Levels and vault maps discovered:
D:1:      kennysheep_arrival_seaside, layout_rooms
D:2:      layout_loops_ring
D:3:      layout_loops_ring, first_ration, minmay_misc_feat_pillars,
          minmay_increasing_density
D:4:      layout_basic, kennysheep_mini_moat, serial_shops,
          nicolae_shop_behind_doors, nicolae_shop_behind_doors, grunt_decor_cap,
          goddamned_bats
D:5:      layout_loops_ring, tso_oasis_becter, temple_green, serial_shops,
          shop_fountains, shop, shop, shop_fountains, uniq_blork_the_orc,
          uniq_crazy_yiuf_cottage, uniq_ijyb
D:6:      layout_basic, grunt_temple_overflow_bloody_war,
          grunt_temple_overflow_diamond, elyvilon_altar_5
D:7:      layout_rooms, grunt_temple_overflow_champion_of_chaos,
          nicolae_ru_awakened_eye, the_bakery, doesnt_xom_only_xom
D:8:      layout_loops_ring, uniq_harold, uniq_pikel
D:9:      layout_roguey, old_standard_altar, nicolae_dithmenos_shadow_blocks,
          led_sif_pool, david_orc_2, serial_shops, shop, uniq_maurice
D:10:     layout_basic
D:11:     layout_roguey, lair_entry_dummy, nicolae_trove_entry_diagonal,
          serial_shops, shop, minivault_10
Lair:1:   layout_hall_layers, gammafunk_ghost_cemetery, grunt_megastairs_3,
          uniq_joseph
Lair:2:   layout_hall_layers, minivault_19, minivault_24
Lair:3:   layout_gridlike, grunt_megastairs_2
Lair:4:   layout_gridlike, elwin_shoals_entry_rooms,
          minmay_snake_entry_spellcaster
Lair:5:   hangedman_what_comes_after_a, layout_concentric_octagons, basic_altar,
          minivault_11, minmay_lair_oklob_chamber, uniq_kirke, uniq_sonja

Skill      XL: |  1  2  3  4  5  6  7  8  9 10 11 12 13 |
---------------+----------------------------------------+-----
Armour         | 1 2 3 4 5 7 8 10 11 12 | 12.1
Maces & Flails | 1 2 3 4 5 6 8 10 12 13 15 16 | 16.3
Fighting       | 4 5 6 8 9 10 12 | 12.6
Dodging        | 4 5 6 7 8 10 11 | 11.6
Shields        | 2 3 4 5 6 |  6.6
Axes           | |  3.9
Stealth        | |  1.5

Action                   |  1- 3 |  4- 6 |  7- 9 | 10-12 | 13-15 || total
-------------------------+-------+-------+-------+-------+-------++-------
Melee: Hand axe          |    12 |       |       |       |       ||    12
       Whip              |    55 |   144 |   442 |  1344 |   544 ||  2529
       Headbutt          |     9 |    26 |   100 |   370 |   120 ||   625
Invok: Lunge             |       |    11 |    21 |    58 |    13 ||   103
       Whirlwind         |       |     6 |     9 |    93 |    22 ||   130
       Serpent's Lash    |       |       |       |     2 |     2 ||     4
  Use: Potion            |       |     1 |     2 |     1 |     6 ||    10
       Scroll            |       |       |    20 |     5 |       ||    25
 Stab: Sleeping          |     1 |     3 |       |       |       ||     4
       Confused          |       |       |       |     1 |       ||     1
  Eat: Chunk             |     1 |     5 |     7 |    25 |     5 ||    43
       Ration            |       |       |     1 |     1 |     1 ||     3
Armor: Robe              |     6 |    26 |     2 |       |       ||    34
       Chain mail        |       |       |    78 |    27 |       ||   105
       Ring mail         |       |       |     7 |       |       ||     7
       Plate armour      |       |       |       |   292 |   270 ||   562
Dodge: Dodged            |    50 |   109 |   115 |   347 |   230 ||   851
Block: Buckler           |       |     9 |    63 |   375 |   217 ||   664
       Reflection        |       |       |     1 |    27 |       ||    28
